 Dungeon Crawl Stone Soup version 0.29.1-1-gd02db6906a (webtiles) character file.

Game seed: 3679325108629300536

39 RascalDebosk the Magician (level 3, 0/29 HPs)
             Began as a Djinni Air Elementalist on Oct 20, 2022.
             Killed from afar by a dart slug (6 damage)
             ... with a slug dart
             ... on level 2 of the Dungeon.
             The game lasted 00:06:57 (1632 turns).

RascalDebosk the Magician (Djinni Air Elementalist) Turns: 1632, Time: 00:06:58

Health: 0/29       AC:  2    Str:  7    XL:     3   Next: 67%
Gold:   89         EV: 12    Int: 18    God:
                   SH:  0    Dex: 13

rFire   + + +      SeeInvis .   i - +0 mace
rCold   x . .      Faith    .   (no shield)
rNeg    + . .      Spirit   .   d - +0 robe
rPois   ∞          Reflect  .   (no helmet)
rElec   .          Harm     .   (no cloak)
rCorr   .          Rampage  .   (no gloves)
Will    .....                   (boots unavailable)
Stlth   ++........              (no amulet)
HPRegen 0.09/turn               f - ring of protection from fire
MPRegen 0.00/turn               g - ring of positive energy

@: flying
A: sickness immunity, fire resistance 2, cold vulnerability 1, float, innate
caster, HP casting, extra vitality 1
a: no special abilities


You were on level 2 of the Dungeon.
You visited 1 branch of the dungeon, and saw 2 of its levels.

You collected 89 gold pieces.

Inventory:

Hand Weapons
 i - a +0 mace (weapon)
Armour
 d - a +0 robe (worn)
Jewellery
 f - a ring of protection from fire (left hand)
 g - a ring of positive energy (right hand)
Scrolls
 b - a scroll of magic mapping {unknown}
 c - a scroll of poison {unknown}
 e - a scroll of identify {unknown}
Potions
 a - 2 potions of mutation {unknown}
 h - 2 potions of lignification {unknown}


   Skills:
 * Level 2.4 Fighting
 - Level 2.1 Dodging
 - Level 1.5 Stealth
 + Level 2.8 Spellcasting


You couldn't memorise any spells.
You knew the following spells:

 Your Spells              Type           Power      Damage    Failure   Level
a - Shock                 Conj/Air       48%        1d6       5%          1
b - Static Discharge      Conj/Air       12%        3-5/arc   8%          2
c - Swiftness             Air            12%        N/A       16%         3
d - Airstrike             Air            6%         2d(1-17)  45%         4
e - Sandblast             Erth           24%        2d8       5%          1
Your spell library was empty.

Dungeon Overview and Level Annotations

Branches:
Dungeon (2/15)

Altars:


Innate Abilities, Weirdness & Mutations

You are immune to sickness and miasma.
You are immune to poison.
Your flesh is very heat resistant. (rF++)
You are vulnerable to cold. (rC-)
You float through the air rather than walking.
You learn spells naturally, not from books.
Your magical power is your life essence.
You have superior vitality. (+4 MHP)


Message History

There is an open door here.
There is an open door here.
There is an open door here.
There is an open door here.
You reach down and open the door.
There is an open door here.
You reach down and open the door.
There is an open door here.
There is an open door here.
There is an open door here.
You reach down and open the door.
There is an open door here.
You reach down and open the door.
There is an open door here.
h - 2 fizzy orange potions
There is an open door here.
You reach down and open the door.
There is an open door here.
You see here 4 poisoned darts.
Done exploring.
Done exploring.
There is an escape hatch in the floor here.
There is an open door here.
There is a stone staircase leading down here.
You fly downwards.
Found a mace and 9 gold pieces.
There is a stone staircase leading up here.
A ball python and an adder come into view.
The adder hisses angrily.
The adder moves out of view.
Aiming: Shock (safe; 5% risk of failure)
Press: ? - help, Q - select action, (/) - cycle Shift-Dir - straight line, f - ball python
Aim: a ball python (asleep, 100% to hit)
The zap hits the ball python.
You kill the ball python!
Aiming: Shock (safe; 5% risk of failure)
Press: ? - help, Q - select action, (/) - cycle Shift-Dir - straight line, f - adder
Aim: an adder (48% to hit)
The zap misses the adder.
Aiming: Shock (safe; 5% risk of failure)
Press: ? - help, Q - select action, (/) - cycle Shift-Dir - straight line, f/p - adder
Aim: an adder (48% to hit)
You miscast Shock.
You are very lightly contaminated with residual magic.
Nothing appears to happen.
Aiming: Shock (safe; 5% risk of failure)
Press: ? - help, Q - select action, (/) - cycle Shift-Dir - straight line, f/p - adder
Aim: an adder (48% to hit)
The zap hits the adder.
The adder is heavily wounded.
Aiming: Shock (safe; 5% risk of failure)
Press: ? - help, Q - select action, (/) - cycle Shift-Dir - straight line, f/p - adder
Aim: an adder (heavily wounded, 48% to hit)
The zap misses the adder.
The adder closely misses you.
Casting: Shock (safe; 5% risk of failure)
Confirm with . or Enter, or press ? or * to list all spells.
The adder is struck by an arc of lightning.
The adder is almost dead.
You are struck by an arc of lightning.
The lightning grounds out.
The adder misses you. The adder completely misses you.
Casting: Static Discharge (safe; 9% risk of failure)
Confirm with . or Enter, or press ? or * to list all spells.
The adder is struck by an arc of lightning.
You kill the adder!
You are struck by an arc of lightning.
The lightning grounds out.
Your magical contamination has completely faded away.
An adder comes into view.
Found a scroll labelled MARITO LOPRO.
The adder moves out of view.
You see here a +0 mace.
A ball python comes into view.
You see here a +0 mace.
i - a +0 mace
i - a +0 mace (weapon)
A dart slug comes into view.
Found a scale mail.
The dart slug launches a dart at you. The slug dart hits you.
* * * LOW HITPOINT WARNING * * *
You see here 9 gold pieces.
You now have 89 gold pieces (gained 9).
Casting: Static Discharge (safe; 8% risk of failure)
Confirm with . or Enter, or press ? or * to list all spells.
The adder is struck by an arc of lightning!
The adder is severely wounded.
You are struck by an arc of lightning.
* * * LOW HITPOINT WARNING * * *
The lightning grounds out.
* * * LOW HITPOINT WARNING * * *
The adder bites you but does no damage.
Casting: Static Discharge (safe; 8% risk of failure)
Confirm with . or Enter, or press ? or * to list all spells.
The adder is struck by an arc of lightning!
You kill the adder!
You are struck by an arc of lightning.
* * * LOW HITPOINT WARNING * * *
* * * LOW HITPOINT WARNING * * *
The dart slug launches a dart at you. The slug dart hits you.
You die...

#.##... ....
...
.....###..##...
......?.......
#..##.......
#####..##...##
#...<........#
#..##..#....##
....
#.........#
##.#
#.......@.# ..
.†.........# .
............#
........w....#
.............#
###..##.##.#
#.. #. .# .. [.
.#


You could see a dart slug.

Vanquished Creatures
  2 adders (D:2)
  A dart slug (D:1)
  A ball python (D:2)
  3 bats (D:1)
  5 endoplasms (D:1)
  A giant cockroach (D:1)
  A goblin (D:1)
  2 hobgoblins (D:1)
  4 jackals (D:1)
  4 frilled lizards (D:1)
  2 rats (D:1)
26 creatures vanquished.

Notes
Turn   | Place    | Note
-------+----------+-------------------------------------------
     0 | D:1      | RascalDebosk the Djinni Air Elementalist began the quest
                  | for the Orb.
     0 | D:1      | RascalDebosk set off with the following spells memorised:
                  | Shock, Static Discharge, Swiftness, Airstrike.
     0 | D:1      | Reached XP level 1. HP: 15/15 MP: 0/0
   167 | D:1      | Reached skill level 1 in Fighting
   167 | D:1      | Reached XP level 2. HP: 14/22 MP: 0/0
   919 | D:1      | Reached XP level 3. HP: 24/28 MP: 0/0
   919 | D:1      | Learned a level 1 spell: Sandblast
  1233 | D:1      | Found a faded altar of an unknown god.
  1632 | D:2      | Killed from afar by a dart slug

Illustrated notes

Levels and vault maps discovered:
D:1:      matt_arrival_los_fun, layout_loops_corners,
          dreamdust_ecumenical_altar_angels_and_demons,
          wander_ebering_terrifying_dragon_lair
D:2:      layout_basic, minmay_misc_feat_alley

Skill      XL: |  1  2  3 |
---------------+----------+-----
Fighting       | 1 2 |  2.4
Dodging        | |  2.1
Stealth        | |  1.5
Spellcasting   | |  2.8

Action                   || total
-------------------------++-------
 Cast: Shock             ||    42
       Static Discharge  ||     5
Armor: Robe              ||     1
Dodge: Dodged            ||     7
